 Dungeon Crawl Stone Soup version 0.28-a0-773-g130ae17fe5 (webtiles) character file.

Game seed: 1863265907677798397

93698 frimble the Grappler (level 15, 0/148 HPs)
             Began as a Troll Warper on Nov 2, 2021.
             Was the Champion of Cheibriados.
             Killed from afar by a storm dragon (12 damage)
             ... with a bolt of lightning
             ... on level 14 of the Dungeon.
             The game lasted 00:42:32 (19530 turns).

frimble the Grappler (Troll Warper)                Turns: 19530, Time: 00:42:32

Health: 0/148      AC: 10    Str: 38      XL:     15   Next: 61%
Magic:  18/22      EV: 14    Int: 33 (35) God:    Cheibriados [******]
Gold:   1870       SH: 12    Dex: 24      Spells: 4/24 levels left

rFire   . . .      SeeInvis .     - Unarmed
rCold   + + +      Faith    .   N - +0 kite shield {rC+}
rNeg    . . .      Spirit   .   E - +1 robe {rC+}
rPois   .          Reflect  .   m - +2 hat {Will+}
rElec   +          Harm     .   M - +2 cloak {rC+}
rCorr   .          Rampage  .   (gloves unavailable)
Will    ++...                   (boots unavailable)
Stlth   ++........              q - amulet of regeneration
HPRegen 2.34/turn               h - +4 ring of slaying
MPRegen 0.18/turn               F - ring of Koepys {rElec Int+6}

@: about to teleport, studying Invocations, very slow
A: large, unfitting armour, claws 3, regeneration 1, shaggy fur 1, tough skin 1
a: Renounce Religion, Bend Time, Temporal Distortion, Slouch, Step From Time


You were on level 14 of the Dungeon.
You worshipped Cheibriados.
Cheibriados was exalted by your worship.
You visited 2 branches of the dungeon, and saw 20 of its levels.
You also visited: Gauntlet and Ice Cave.

You collected 1912 gold pieces.
You spent 42 gold pieces at shops.

Inventory:

Missiles
 c - 4 boomerangs of dispersal
 d - 7 throwing nets
 n - 160 poisoned darts
 v - 5 boomerangs (quivered)
 C - 16 curare-tipped darts
 I - 15 silver javelins
 U - 20 large rocks
Armour
 m - a +2 hat of willpower (worn)
 w - a +2 tower shield
 E - a +1 robe of cold resistance (worn)
 M - a +2 cloak of cold resistance (worn)
 N - a +0 kite shield of cold resistance (worn)
Jewellery
 f - an amulet of magic regeneration
 h - a +4 ring of slaying (left claw)
 p - a ring of fire
 q - an amulet of regeneration (around neck)
 y - a ring of protection from cold
 F - the ring of Koepys (right claw) {rElec Int+6}
   (You found it in a Gauntlet)

   [ring of intelligence]

   Int:       It affects your intelligence (+6).
   rElec:     It insulates you from electricity.
 R - the macabre finger necklace {rN+}
   (You found it on level 1 of the Lair of Beasts)

   [amulet of nothing]

   It enables you to equip an extra ring.
   rN:        It protects you from negative energy.
 S - a ring of poison resistance
Wands
 a - a wand of polymorph (16)
 t - a wand of flame (74)
 x - a wand of charming (13)
 z - a wand of digging (8)
 A - a wand of mindburst (56)
 B - a wand of iceblast (7)
 K - a wand of paralysis (6)
 P - a wand of acid (5)
Scrolls
 b - 3 scrolls of blinking
 l - 8 scrolls of teleportation
 H - 2 scrolls of enchant armour
 L - a scroll of fog
 O - 2 scrolls of holy word
 V - a scroll of silence
Potions
 e - 2 potions of heal wounds
 g - 10 potions of curing
 i - 4 potions of attraction {unknown}
 j - 3 potions of resistance {unknown}
 k - 3 potions of cancellation
 o - a potion of mutation
 r - a potion of invisibility
 s - 5 potions of haste
 u - 3 potions of flight
 D - a potion of might
 J - a potion of experience {unknown}
 Q - a potion of degeneration {unknown}
 T - a potion of lignification {unknown}
 W - a potion of berserk rage {unknown}
Miscellaneous
 G - a lightning rod (4/4)


   Skills:
 + Level 9.5 Fighting
 - Level 9.1 Throwing
 - Level 6.0 Dodging
 - Level 8.1 Shields
 - Level 11.4 Unarmed Combat
 + Level 5.4 Spellcasting
 - Level 9.0 Translocations
 + Level 2.4 Transmutations
 + Level 3.0 Earth Magic
 - Level 8.4 Invocations
 - Level 6.0 Evocations


You had 4 spell levels left.
You knew the following spells:

 Your Spells              Type           Power      Damage    Failure   Level
a - Blink                 Tloc           100%       N/A       1%          2
b - Ignite Poison         Fire/Tmut/Pois 14%        N/A       12%         3
c - Manifold Assault      Tloc           62%        N/A       3%          5
d - Passage of Golubria   Tloc           62%        N/A       1%          4
e - Statue Form           Tmut/Erth      18%        N/A       95%         6

Your spell library contained the following spells:

 Spells                   Type           Power      Damage    Failure   Level
 Gell's Gravitas          Tloc           62%        N/A       1%          3
 Lesser Beckoning         Tloc           62%        N/A       1%          3
 Teleport Other           Tloc           62%        N/A       1%          3
 Portal Projectile        Hex/Tloc       76%        N/A       2%          3
 Wereblood                Tmut           25%        N/A       3%          2
 Freeze                   Ice            32%        1d5       5%          1
 Scorch                   Fire           16%        2d6       9%          2
 Static Discharge         Conj/Air       8%         N/A       9%          2
 Sublimation of Blood     Necr           8%         N/A       9%          2
 Call Canine Familiar     Summ           8%         N/A       16%         3
 Dazzling Flash           Conj/Hex       16%        N/A       16%         3
 Frozen Ramparts          Ice            16%        1d3       16%         3
 Mephitic Cloud           Conj/Pois/Air  8%         N/A       16%         3
 Tukima's Dance           Hex            8%         N/A       16%         3
 Animate Armour           Summ/Erth      36%        N/A       28%         4
 Leda's Liquefaction      Hex/Erth       9%         N/A       28%         4
 Flame Wave               Conj/Fire      8%         3d4       47%         4
 Hailstorm                Conj/Ice       8%         3d4       47%         4
 Summon Ice Beast         Ice/Summ       8%         N/A       47%         4
 Lee's Rapid Deconstruct  Erth           14%        3d10*     41%         5
 Blade Hands              Tmut           12%        N/A       50%         5
 Yara's Violent Unravell  Hex/Tmut       8%         3d5       65%         5
 Agony                    Necr           8%         N/A       83%         5
 Freezing Cloud           Conj/Ice/Air   4%         6-21      83%         5
 Silence                  Hex/Air        4%         N/A       83%         5
 Summon Mana Viper        Hex/Summ       8%         N/A       83%         5
 Iron Shot                Conj/Erth      9%         9d3       99%         6
 Summon Cactus Giant      Summ           4%         N/A       100%        6
 Monstrous Menagerie      Summ           4%         N/A       100%        7
 Summon Hydra             Summ           4%         N/A       100%        7


Dungeon Overview and Level Annotations

Branches:
Dungeon (14/15) Temple (0/1) D:5 Lair (6/6) D:9 Swamp (0/4) Lair:2 Spider (0/4) Lair:4 Slime (0/5) Lair:5 Orc (0/2) D:11 Vaults (0/5) D:13 D:14 IceCv (visited) Gauntlet (visited)

Altars:
Cheibriados
Fedhas
Gozag
Okawaru
Sif Muna
Trog
Vehumet
Wu Jian
Zin
The Shining One
Jiyva

Shops:
D:4 *   D:10 (   D:11 *


Innate Abilities, Weirdness & Mutations

You are too large for most types of armour.
You have claws for hands.
Your natural rate of healing is unusually fast.
You are covered in fur. (AC +1)
You have tough skin. (AC +1)


Message History

The storm dragon breathes lightning at you.
The bolt of lightning hits you! You resist.
The deep elf annihilator casts a spell at you.
The crystal spear hits you!!!
There is an open door, spattered with blood here.
You see here 6 large rocks.
The deep elf annihilator blocks your attack.
PANG!
The deep elf annihilator hits you with a +3 dagger of flaming!
The deep elf annihilator burns you.
You mangle the deep elf annihilator!!
The deep elf annihilator is moderately wounded.
You block the deep elf annihilator's attack.
The deep elf annihilator blocks your attack.
BONNNG!
The deep elf annihilator is moderately wounded.
You block the deep elf annihilator's attack.
As you read the scroll of teleportation, it crumbles to dust.
You feel strangely unstable.
The storm dragon breathes lightning at you.
The bolt of lightning hits the deep elf annihilator!
The deep elf annihilator resists.
The bolt of lightning hits you! You resist. The bolt of lightning hits you!
You resist.
The deep elf annihilator points at you and mumbles some strange words.
The crystal spear hits you!!!
* * * LOW HITPOINT WARNING * * *
Casting: Blink (safe; 1% risk of failure)
Confirm with . or Enter, or press ? or * to list all spells.
You blink.
The storm dragon breathes lightning at you.
The bolt of lightning misses you.
Casting: Blink (safe; 1% risk of failure)
Confirm with . or Enter, or press ? or * to list all spells.
You blink.
The storm dragon breathes lightning at you.
The bolt of lightning hits the deep elf annihilator!
The deep elf annihilator resists.
The bolt of lightning hits you! You resist.
* * * LOW HITPOINT WARNING * * *
The bolt of lightning hits you! You resist.
You die...

....# #.## #.#
....# #..####.##
....###.....#..#
..[.#...###....#
......###.###..##
.....## ....##..#
....## D...##.##
....# #...#..#
...## #:.##@# .(.#
#..De.# ...##
#.ยง##.# ....#
#...#..# ....##
.....##..#
.....##.....##...#
......###.###..#.#
.[......###...#..#
.......).....##.##


You could see a storm dragon (catching breath) and a deep elf annihilator.

Vanquished Creatures
  Kirke (Lair:5)
  A frost giant (IceCv)
  2 minotaurs
  The ghost of Tynuabry the Destroyer, a journeyman DECj of Vehumet (Lair:5)
  Snorg (Lair:4)
  Fannar (D:12)
  2 fire dragons
  4 boulder beetles
  3 catoblepae
  5 two-headed ogres
  11 hydras
  3 centaur warriors
  2 tengu warriors
  3 death yaks (IceCv)
  The ghost of bellsore the Geomancer, a journeyman GrEE of Vehumet (D:10)
  Sonja (D:11)
  A glowing orange brain (D:14)
  A lindwurm (Lair:1)
  A wizard (Gauntlet)
  A lindwurm (shapeshifter) (D:13)
  An orc knight (D:13)
  2 deep elf pyromancers
  5 ugly things (D:14)
  6 cyclopes
  A cyclops (shapeshifter) (D:14)
  4 black mambas
  2 manticores
  Maurice (D:9)
  An ice statue (IceCv)
  Joseph (D:8)
  2 torpor snails
  2 gargoyles
  11 cane toads
  7 rime drakes
  Maggie (D:7)
  An unseen horror (D:13)
  4 komodo dragons
  4 kobold demonologists
  2 tengu conjurers
  5 trolls
  20 polar bears
  2 jumping spiders (Lair:4)
  14 hornets
  19 blink frogs
  Grinder (D:5)
  2 meliai zombies
  2 dream sheep (Lair:6)
  13 spriggans (Lair:6)
  3 shadows
  2 tarantellas (Lair:1)
  7 wraiths
  3 redbacks
  7 hogs (Lair:5)
  Eustachio (D:5)
  4 basilisks
  91 yaks
  16 humans
  4 vampire mosquitoes (D:13)
  A steam dragon (D:9)
  3 wargs (D:9)
  Menkaure (D:5)
  An acid dragon (D:12)
  14 water moccasins
  7 black bears
  An ice beast (D:8)
  2 sky beasts
  A swamp drake (Lair:2)
  An orc warrior (D:6)
  41 wolves
  4 boggarts (Lair:6)
  An ogre (D:5)
  12 centaurs
  13 kobold brigands
  17 bullfrogs
  A gnoll sergeant (D:9)
  A scorpion (D:5)
  12 killer bees
  5 wights (D:9)
  2 howler monkeys (D:4)
  5 centaur zombies
  2 lava snakes (Lair:1)
  2 hounds
  2 jellies
  2 gnoll shamans (D:7)
  8 orc priests
  3 bullfrog skeletons
  A centaur skeleton (D:7)
  Natasha (thrice) (D:3)
  8 orc wizards
  4 iguanas
  2 hell rats (Lair:1)
  Terence (D:3)
  A killer bee zombie (D:7)
  A hound skeleton (D:4)
  A hound zombie (D:5)
  2 howler monkey zombies
  22 gnolls
  6 adders
  11 river rats (Lair:1)
  5 white imps
  An ufetubus (D:4)
  6 worms
  2 dart slugs
  31 orcs
  4 ball pythons
  7 bats
  4 endoplasms
  2 giant cockroaches
  11 goblins
  2 hobgoblins
  3 quokkas
  4 frilled lizards
  23 kobolds
  9 rats
  A bush (D:5)
663 creatures vanquished.

Vanquished Creatures (collateral kills)
  A gnoll shaman (D:9)
1 creature vanquished.

Vanquished Creatures (others)
  A killer bee (D:9)
  2 gnolls (D:9)
  35 fungi
  40 plants
78 creatures vanquished.

Grand Total: 742 creatures vanquished

Notes
Turn   | Place    | Note
-------+----------+-------------------------------------------
     0 | D:1      | frimble the Troll Warper began the quest for the Orb.
     0 | D:1      | Reached XP level 1. HP: 19/19 MP: 1/1
    27 | D:1      | Reached skill level 1 in Throwing
   112 | D:1      | Reached XP level 2. HP: 28/28 MP: 2/2
   688 | D:2      | Reached XP level 3. HP: 35/35 MP: 3/3
   707 | D:2      | You fall into a shaft and drop 2 floors!
   707 | D:4      | Found Nafoe's General Store.
   710 | D:5      | Entered Level 5 of the Dungeon
   774 | D:4      | Bought a potion of curing for 42 gold pieces
   809 | D:4      | Reached XP level 4. HP: 30/42 MP: 4/4
   819 | D:4      | Reached skill level 3 in Unarmed Combat
   819 | D:4      | Reached XP level 5. HP: 38/50 MP: 5/5
   891 | D:3      | Noticed Terence
   896 | D:3      | Killed Terence
  1202 | D:2      | Found a radiant altar of Vehumet.
  1286 | D:2      | Found a faded altar of an unknown god.
  1430 | D:2      | Learned a level 3 spell: Ignite Poison
  1433 | D:2      | Learned a level 2 spell: Blink
  1481 | D:3      | Noticed Natasha
  1496 | D:3      | Killed Natasha
  1534 | D:3      | Found a snail-covered altar of Cheibriados.
  1969 | D:3      | Found a glowing golden altar of the Shining One.
  2025 | D:3      | Noticed Natasha
  2039 | D:3      | Killed Natasha
  2040 | D:3      | Reached XP level 6. HP: 54/59 MP: 7/7
  2099 | D:3      | Noticed Natasha
  2103 | D:3      | Killed Natasha
  2185 | D:4      | Found a blossoming altar of Fedhas.
  2267 | D:4      | You fall into a shaft and drop 2 floors!
  2316 | D:6      | Noticed a water moccasin
  2329 | D:6      | Killed a water moccasin
  2441 | D:6      | Reached skill level 4 in Unarmed Combat
  2476 | D:6      | Reached XP level 7. HP: 65/67 MP: 8/8
  2729 | D:6      | Noticed a yak
  2732 | D:6      | Noticed a yak
  2735 | D:6      | Killed a yak
  2740 | D:6      | Noticed a yak
  2742 | D:6      | Noticed a yak
  2742 | D:6      | Noticed a yak
  2746 | D:6      | Killed a yak
  2751 | D:6      | Killed a yak
  2752 | D:6      | Reached XP level 8. HP: 73/78 MP: 10/10
  2758 | D:6      | Reached skill level 5 in Unarmed Combat
  3129 | D:5      | Noticed Menkaure
  3135 | D:5      | Killed Menkaure
  3164 | D:5      | Found an ornate altar of the Wu Jian Council.
  3224 | D:5      | Noticed Grinder
  3245 | D:5      | Paralysed by Grinder for 3 turns
  3256 | D:5      | Killed Grinder
  3303 | D:5      | Reached XP level 9. HP: 85/85 MP: 12/12
  3415 | D:4      | Reached skill level 5 in Throwing
  3636 | D:5      | Found a staircase to the Ecumenical Temple.
  3898 | D:5      | Noticed Eustachio
  3911 | D:5      | Reached skill level 1 in Shields
  3911 | D:5      | Killed Eustachio
  3912 | D:5      | Reached skill level 6 in Unarmed Combat
  4060 | D:5      | Reached skill level 5 in Fighting
  4286 | D:3      | Became a worshipper of Cheibriados the Contemplative
  4512 | D:6      | Found a bloodstained altar of Trog.
  4527 | D:6      | Found a shimmering blue altar of Sif Muna.
  4539 | D:6      | Got Sif Muna's Volume of Feathers
  4938 | D:7      | Noticed Maggie
  4945 | D:7      | Reached * piety under Cheibriados
  4958 | D:7      | Killed Maggie
  4959 | D:7      | Reached skill level 5 in Translocations
  5391 | D:8      | Reached XP level 10. HP: 98/98 MP: 13/13
  5458 | D:8      | Noticed Joseph
  5485 | D:8      | Killed Joseph
  5486 | D:8      | Reached skill level 7 in Unarmed Combat
  5691 | D:8      | Noticed a two-headed ogre
  5696 | D:8      | Reached ** piety under Cheibriados
  5705 | D:8      | Killed a two-headed ogre
  6282 | D:9      | Reached skill level 8 in Unarmed Combat
  6405 | D:9      | Reached skill level 5 in Shields
  6419 | D:9      | Reached XP level 11. HP: 87/109 MP: 14/14
  6581 | D:9      | Found a staircase to the Lair.
  6599 | D:9      | Reached *** piety under Cheibriados
  6627 | D:9      | Noticed Maurice
  6683 | D:9      | Killed Maurice
  6984 | D:9      | Reached **** piety under Cheibriados
  7234 | D:10     | Entered Level 10 of the Dungeon
  7238 | D:10     | Found a runed translucent gate.
  7238 | D:10     | Found a runed translucent gate.
  7238 | D:10     | Noticed bellsore's ghost (journeyman GrEE)
  7239 | D:10     | Found a runed translucent gate.
  7507 | D:10     | Found an iron altar of Okawaru.
  7551 | D:10     | Found an opulent altar of Gozag.
  7611 | D:10     | Found Jucw's Antique Weapon Shoppe.
  7863 | D:10     | Reached ***** piety under Cheibriados
  8017 | D:10     | Found a glowing silver altar of Zin.
  8071 | D:11     | Noticed a centaur warrior
  8088 | D:11     | Killed a centaur warrior
  8089 | D:11     | Reached skill level 1 in Invocations
  8089 | D:11     | Reached skill level 1 in Evocations
  8131 | D:11     | Found Valutei's General Store.
  8161 | D:11     | Found a staircase to the Orcish Mines.
  8240 | D:11     | Noticed a two-headed ogre
  8248 | D:11     | Killed a two-headed ogre
  8284 | D:11     | Noticed a two-headed ogre
  8297 | D:11     | Killed a two-headed ogre
  8331 | D:11     | Noticed a two-headed ogre
  8345 | D:11     | Killed a two-headed ogre
  8396 | D:11     | Reached XP level 12. HP: 113/119 MP: 15/15
  8449 | D:11     | Noticed Sonja
  8452 | D:11     | Killed Sonja
  9088 | D:12     | Noticed a fire dragon
  9095 | D:12     | Noticed a six-headed hydra
  9102 | D:12     | Killed a fire dragon
  9115 | D:12     | Killed a six-headed hydra
  9194 | D:12     | Noticed Fannar
  9210 | D:12     | Killed Fannar
  9374 | D:12     | Noticed a five-headed hydra
  9381 | D:12     | Killed a five-headed hydra
  9393 | D:12     | You fall into a shaft and drop 1 floor!
  9432 | D:13     | Found a gate leading to a gauntlet.
  9436 | Gauntlet | Entered a Gauntlet
  9436 | Gauntlet | Found a transporter.
  9446 | Gauntlet | Found a transporter.
  9454 | Gauntlet | Noticed a tengu warrior
  9457 | Gauntlet | Found a transporter.
  9460 | Gauntlet | Found a transporter.
  9466 | Gauntlet | Noticed a hell hog
  9471 | Gauntlet | Found a transporter.
  9486 | Gauntlet | Found a runed translucent gate.
  9487 | Gauntlet | Found a transporter.
  9487 | Gauntlet | Found a runed translucent gate.
  9488 | Gauntlet | Found a runed translucent gate.
  9489 | Gauntlet | Noticed a blizzard demon
  9500 | Gauntlet | Found a transporter.
  9512 | Gauntlet | Found a transporter.
  9514 | Gauntlet | Found the +3 sling "Punk" {acid, rCorr}
  9524 | Gauntlet | Found a runed translucent door.
  9524 | Gauntlet | Found a runed translucent door.
  9528 | Gauntlet | Found a transporter.
  9541 | Gauntlet | Found a runed translucent door.
  9542 | Gauntlet | Found a transporter.
  9542 | Gauntlet | Found a transporter.
  9543 | Gauntlet | Found a runed translucent door.
  9584 | Gauntlet | Found a transporter.
  9598 | Gauntlet | Found a transporter.
  9610 | Gauntlet | Found a transporter.
  9744 | Gauntlet | Killed a tengu warrior
  9745 | Gauntlet | Reached skill level 5 in Invocations
  9781 | Gauntlet | Identified the ring of Koepys {rElec Int+6}
  9800 | Gauntlet | Learned a level 5 spell: Manifold Assault
  9807 | Gauntlet | Noticed a minotaur
  9817 | Gauntlet | Killed a minotaur
  9839 | D:13     | Learned a level 4 spell: Passage of Golubria
  9956 | Lair:1   | Entered Level 1 of the Lair of Beasts
 10086 | Lair:1   | Reached ****** piety under Cheibriados
 10157 | Lair:1   | Found a runed translucent door.
 10858 | Lair:2   | Reached XP level 13. HP: 105/131 MP: 16/16
 10988 | Lair:2   | Reached skill level 5 in Evocations
 11342 | Lair:2   | Found a staircase to the Swamp.
 11684 | Lair:3   | Found a frozen archway.
 11695 | IceCv    | Entered an ice cave
 12051 | IceCv    | Noticed a frost giant
 12057 | IceCv    | Reached skill level 9 in Unarmed Combat
 12061 | IceCv    | Killed a frost giant
 13180 | Lair:4   | Noticed Snorg
 13293 | Lair:4   | Killed Snorg
 13400 | Lair:4   | Reached XP level 14. HP: 128/140 MP: 12/18
 13727 | Lair:4   | Found a hole to the Spider Nest.
 14131 | Lair:4   | Reached skill level 10 in Unarmed Combat
 14656 | Lair:5   | Found a staircase to the Slime Pits.
 14656 | Lair:5   | Found a viscous altar of Jiyva.
 14680 | Lair:5   | Noticed Kirke
 14691 | Lair:5   | Killed Kirke
 14848 | Lair:5   | Noticed Tynuabry's ghost (journeyman DECj)
 14858 | Lair:5   | Found a runed translucent gate.
 14858 | Lair:5   | Found a runed translucent gate.
 14858 | Lair:5   | Found a runed translucent gate.
 15444 | Lair:6   | Entered Level 6 of the Lair of Beasts
 15778 | Lair:6   | Reached skill level 5 in Dodging
 16721 | Lair:5   | Killed Tynuabry's ghost
 16733 | Lair:5   | Reached skill level 11 in Unarmed Combat
 16954 | Lair:1   | Identified the +4 whip of Incongruity {pain, rF+}
 16966 | Lair:1   | Found a runed translucent gate.
 16966 | Lair:1   | Found a runed translucent gate.
 16966 | Lair:1   | Found a runed translucent gate.
 16966 | Lair:1   | Found a runed translucent gate.
 16967 | Lair:1   | Found a runed translucent gate.
 16969 | Lair:1   | Found a runed translucent gate.
 16972 | Lair:1   | Found the macabre finger necklace {rN+}
 17027 | Lair:1   | Reached XP level 15. HP: 125/146 MP: 5/20
 17274 | D:10     | Killed bellsore's ghost
 17430 | D:11     | Identified a scroll of acquirement
 17430 | D:11     | Acquired a manual of Invocations
 18305 | D:13     | Learned a level 6 spell: Statue Form
 18516 | D:14     | Found a gate to the Vaults.
 18553 | D:13     | Reached skill level 1 in Earth Magic
 18602 | D:13     | Reached skill level 5 in Spellcasting
 18602 | D:13     | Reached skill level 1 in Transmutations
 18862 | D:14     | Found a blossoming altar of Fedhas.
 19209 | D:14     | Noticed a storm dragon
 19523 | D:14     | Identified the +0 robe "Peddil" {Rampage Dex+3 SInv}
 19530 | D:14     | Killed from afar by a storm dragon

Illustrated notes

Levels and vault maps discovered:
D:1:      dpeg_arrival_stonehenge_8_columns, layout_basic
D:2:      layout_rooms, shapermc_ecumenical_altar_petra, basic_altar
D:3:      layout_basic, amcnicky_altar_gilded, cheibriados_altar_1,
          minmay_misc_feat_diagonals, roderic_lattice_a, uniq_natasha,
          uniq_terence
D:4:      layout_rooms, fedhas_altar_1, serial_shops, shop, st_stairs_5
D:5:      black_bear_nest_2, layout_basic, mainiacjoe_overflow_catwalk,
          temple_green, mrwooster_statue_mirror, lexackson_kobold_supper,
          uniq_eustachio, uniq_menkaure, uniq_grinder
D:6:      layout_basic, nzn_overflow_gifts_of_might_and_magic
D:7:      layout_basic, corexii_hall_statues_t, minmay_holes, uniq_maggie
D:8:      layout_loops_cross, kennysheep_generic_room_8, uniq_joseph
D:9:      layout_grid_maze, erik_lair_orcish_takeover, minivault_23,
          uniq_maurice
D:10:     layout_basic, okawaru_altar_gauntlet_db, nicolae_gozag_seed_capital,
          zin_scriptorium, serial_shops, nicolae_shop_waterfront,
          gammafunk_ghost_nasty_kobolds
D:11:     layout_roguey, orc_0_dummy, serial_shops, nicolae_square_shop,
          minmay_misc_feat_doors, hive_lemuel, uniq_sonja
D:12:     layout_irregular_city, roderic_cross_of_infinity, hex_tiny,
          uniq_fannar
D:13:     layout_loops_corners, gauntlet_entry_generic
D:14:     layout_gridville, david_vaults_3, lemuel_tele_altar,
          minmay_checkered_concentric_circles
Lair:1:   gammafunk_indiana_jones, layout_chaotic_city, kennysheep_rathole
Lair:2:   layout_regular_city, minmay_swamp_entry_reptiles
Lair:3:   layout_small_grid, portal_ice_cave_rime
Lair:4:   layout_misc_corridors, spider_nest_entry_a, uniq_snorg
Lair:5:   layout_cellular_growth, slime_altar_1, maelrawn_ghost_gauntlet_escape,
          uniq_kirke
Lair:6:   minmay_lair_end_enchanted_forest, layout_cave_pods

Skill      XL: |  1  2  3  4  5  6  7  8  9 10 11 12 13 14 15 |
---------------+----------------------------------------------+-----
Throwing       | 1 2 3 4 6 8 9 |  9.1
Dodging        | 2 3 5 6 |  6.0
Fighting       | 2 3 4 5 7 8 9 |  9.5
Unarmed Combat | 3 4 5 6 8 9 11 | 11.4
Translocations | 3 4 5 6 7 8 9 |  9.0
Spellcasting   | 2 3 4 5 |  5.4
Shields        | 3 5 8 |  8.1
Invocations    | 3 5 7 8 |  8.4
Evocations     | 2 4 6 |  6.0
Earth Magic    | 3 |  3.0
Transmutations | 2 |  2.4

Action                   |  1- 3 |  4- 6 |  7- 9 | 10-12 | 13-15 || total
-------------------------+-------+-------+-------+-------+-------++-------
Melee: Unarmed           |    72 |   144 |   263 |   596 |   935 ||  2010
       Punch             |       |       |     7 |    16 |       ||    23
Throw: Dart              |       |     4 |    25 |    66 |     3 ||    98
       Boomerang         |       |       |       |    18 |   126 ||   144
       Javelin           |       |       |       |       |     5 ||     5
 Cast: Blink             |       |       |       |    12 |    29 ||    41
       Passage of Golubr |       |       |       |       |     2 ||     2
       Manifold Assault  |       |       |       |       |    27 ||    27
Invok: Temporal Distorti |       |       |       |     1 |       ||     1
       Slouch            |       |       |       |       |     9 ||     9
Evoke: Wand              |       |       |       |    14 |    10 ||    24
       Lightning rod     |       |       |       |       |     6 ||     6
  Use: Scroll            |     3 |     3 |     5 |    11 |     9 ||    31
       Potion            |       |       |       |     2 |     2 ||     4
 Stab: Sleeping          |       |       |       |     1 |     4 ||     5
       Petrified         |       |       |       |       |     8 ||     8
       Petrifying        |       |       |       |       |     1 ||     1
Armor: Robe              |    14 |    60 |    73 |   172 |   245 ||   564
Dodge: Dodged            |    35 |    74 |   100 |   265 |   358 ||   832
Block: Kite shield       |       |       |       |   240 |   543 ||   783

Table legend: (Time is in decaauts)
 A = Elapsed time spent in this place.
 B = Non-inter-level travel time spent in this place.
 C = Inter-level travel time spent in this place.
 D = Time resting spent in this place.
 E = Time spent auto-exploring this place.
 F = Levels seen in this place.
 G = Mean time per level.
                   A        B        C        D        E       F      G
               +--------+--------+--------+--------+--------+-----+--------+
         Total |  28514 |  26649 |   1865 |    199 |  21091 |  22 | 1296.1 |
       Dungeon |  15831 |  14650 |   1181 |     60 |  11666 |  14 | 1130.8 |
          Lair |  10968 |  10284 |    684 |    139 |   8431 |   6 | 1828.0 |
      Ice Cave |   1042 |   1042 |      0 |      0 |    579 |   1 | 1042.0 |
      Gauntlet |    670 |    670 |      0 |      0 |    414 |   1 |  670.0 |
               +--------+--------+--------+--------+--------+-----+--------+

Top non-repeatable levels by time:
  Lair:5: 2112 daAuts
  Lair:6: 2065 daAuts
  Lair:1: 2056 daAuts
    D:13: 1920 daAuts
  Lair:3: 1702 daAuts
     D:9: 1623 daAuts
    D:10: 1616 daAuts
  Lair:2: 1537 daAuts
  Lair:4: 1494 daAuts
    D:12: 1468 daAuts
     D:6: 1370 daAuts
    D:11: 1263 daAuts
    D:14: 1206 daAuts
     D:8: 1093 daAuts
   IceCv: 1042 daAuts
